Oilers vs Predators

Created - 6 décembre 2015 at 00:02

Goals
1 2 3 OT1 SO T
Oilers 2 1 1 0 3 5
Predators 1 2 1 0 2 4
Shots
1 2 3 OT1 SO T
Oilers 14 11 11 1 6 37
Predators 12 14 14 1 6 41

1st period

1. Oilers , T.J. Fast 2 (Brad Boyes, Ilya Kovalchuk) at 6:41
2. Predators , Eric Nystrom 3 (Alexander Edler, Ryan Mcdonagh) at 9:14
3. Oilers , Oleg Saprykin 6 (Peter Regin, Wayne Simmonds) at 19:53

Penalties :
T.J. Fast (Edm) for Hooking (Minor) at 1:25, Joe Thornton (Nas) for Elbowing (Minor) at 6:44, Brett Clark (Nas) for Interference (Minor) at 14:50

2nd period

4. Oilers , Patrick Kane 15 (Tomas Fleischmann, Jonathan Toews) at 10:33 (PP)
5. Predators , Erik Rasmussen 5 (Vaclav Varada, Josef Vasicek) at 11:48
6. Predators , Joe Thornton 12 (Alexander Ovechkin) at 17:42 (PP)

Penalties :
Zach Bogosian (Edm) for Tripping (Minor) at 7:34, Alexander Edler (Nas) for Holding (Minor) at 10:16, Rob Scuderi (Edm) for Holding Stick (Minor) at 12:35, Jonathan Toews (Edm) for Holding (Minor) at 16:55

3rd period

7. Predators , Ryan Mcdonagh 4 (Alexander Ovechkin) at 6:17
8. Oilers , Jonathan Toews 10 (Tomas Fleischmann, Danny Richmond) at 6:29

Penalties :
Peter Regin (Edm) for Interference (Minor) at 2:15, Ian White (Edm) for Roughing (Minor) at 18:42

Overtime #1

No Goal

Penalties :
Alexander Edler (Nas) for Tripping (Minor) at 0:43

Shootout

Penalty Shot by Patrick Kane for Oilers - Goal!
Penalty Shot by Alexander Ovechkin for Predators - Stopped by Cam Ward
Penalty Shot by Ilya Kovalchuk for Oilers - Shot Misses the Net
Penalty Shot by Joe Thornton for Predators - Stopped by Cam Ward
Penalty Shot by Jonathan Toews for Oilers - Stopped by Kari Lehtonen
Penalty Shot by Michael Grabner for Predators - Goal!
Penalty Shot by Paul Stastny for Oilers - Shot Misses the Net
Penalty Shot by Josef Vasicek for Predators - Stopped by Cam Ward
Penalty Shot by Brad Boyes for Oilers - Goal!
Penalty Shot by Alexander Steen for Predators - Goal!
Penalty Shot by Peter Regin for Oilers - Goal!
Penalty Shot by Joffrey Lupul for Predators - Shot Misses the Net

Penalties :
No Penalty

Goalie Stats

Cam Ward (Edm), 37 saves from 41 shots - (0,902), W, 8-10-0, 65:00 minutes
Kari Lehtonen (Nas), 33 saves from 37 shots - (0,892), OTL, 7-10-1, 65:00 minutes

Players Stats for Oilers

Player Name              G  A  P  +/- PIM S  H  SB GA TA FO     MP     PP MP  PK MP  
------------------------------------------------------------------------------------
Brad Boyes               0  1  1   1  0   2  2  2  0  0  0/1    16:47   2:08   0:00 
Brian Sutherby           0  0  0  -1  0   2  0  0  0  0  2/5    12:33   0:00   5:05 
Danny Richmond           0  1  1  -1  0   1  4  2  0  0  0/0    27:22   2:25   5:43 
David Hale               0  0  0   0  0   2  0  2  0  1  0/0    24:58   1:50   5:00 
Ian White                0  0  0   0  2   1  0  1  1  0  0/0    24:15   1:50   4:19 
Ilya Kovalchuk           0  1  1   1  0   7  4  1  1  0  3/4    23:36   2:08   4:47 
Jonathan Toews           1  1  2  -1  2   1  2  0  0  0  10/20  19:24   2:07   0:51 
Oleg Saprykin            1  0  1   1  0   2  2  1  0  2  0/0    14:29   0:00   4:44 
Patrick Kaleta           0  0  0  -1  0   2  0  0  1  0  2/2     9:19   0:00   1:15 
Patrick Kane             1  0  1  -1  0   1  1  0  0  1  0/0    17:55   2:07   0:00 
Paul Stastny             0  0  0   1  0   4  2  1  0  0  10/18  17:56   2:08   0:00 
Peter Regin              0  1  1   1  2   4  2  0  0  0  7/9    13:41   0:00   3:22 
Rob Scuderi              0  0  0   1  2   0  0  3  0  0  0/0    19:23   0:00   4:41 
Steve Begin              0  0  0  -1  0   1  0  1  1  0  1/1     8:09   0:00   0:39 
T.J. Fast                1  0  1   1  2   2  0  1  0  0  0/0    13:23   0:00   0:22 
Tomas Fleischmann        0  2  2  -1  0   3  1  0  0  0  2/2    15:51   2:07   0:00 
Wayne Simmonds           0  1  1   1  0   0  1  0  0  0  0/0     9:16   0:00   0:00 
Zach Bogosian            0  0  0  -1  2   2  1  2  2  0  0/0    20:53   2:25   1:21 

Players Stats for Predators

Player Name              G  A  P  +/- PIM S  H  SB GA TA FO     MP     PP MP  PK MP  
------------------------------------------------------------------------------------
Adam Burish              0  0  0  -1  0   0  4  0  0  0  0/2    21:31   5:15   2:14 
Alexander Edler          0  1  1   1  4   5  2  0  0  2  0/0    30:05   5:14   2:10 
Alexander Ovechkin       0  2  2  -1  0   6  1  2  1  0  0/1    22:18   5:15   1:29 
Alexander Steen          0  0  0   0  0   4  1  0  0  0  1/1    16:16   4:35   0:23 
Barret Jackman           0  0  0  -1  0   1  4  1  0  1  0/0    20:21   4:46   2:38 
Brendan Bell             0  0  0  -1  0   1  0  2  0  1  0/0    12:46   0:00   0:33 
Brett Clark              0  0  0   0  2   1  1  0  0  0  0/0    18:14   0:00   2:03 
Christian Ehrhoff        0  0  0   0  0   1  0  1  0  0  0/0    20:10   4:46   0:57 
Eric Nystrom             1  0  1   1  0   1  3  0  0  0  1/1    13:29   0:10   1:22 
Erik Rasmussen           1  0  1   0  0   4  3  0  0  0  1/8    11:30   0:10   1:01 
Joe Thornton             1  0  1  -1  2   6  1  1  0  0  14/34  21:52   5:15   1:09 
Joffrey Lupul            0  0  0   0  0   2  3  0  0  0  0/0     9:40   0:00   0:00 
Josef Vasicek            0  1  1   1  0   2  0  0  1  1  4/8    13:58   0:00   2:09 
Kris Vernarsky           0  0  0   0  0   0  1  0  0  0  3/5    15:02   4:35   0:00 
Michael Grabner          0  0  0   0  0   1  2  0  0  0  0/0    15:50   4:45   0:00 
Ryan Mcdonagh            1  1  2   1  0   2  2  0  2  0  0/0    27:31   5:14   3:10 
Vaclav Varada            0  1  1   0  0   1  1  0  0  1  0/0     9:40   0:00   0:00 
Vitali Yachmenev         0  0  0   1  0   3  3  0  0  0  1/2    13:29   0:00   1:39 

3 Stars

1 - Ryan Mcdonagh (Nas)
2 - Eric Nystrom (Nas)
3 - Oleg Saprykin (Edm)

Power Play

Oilers - 1 on 4 Attempt(s) - 25,00%
Predators - 1 on 6 Attempt(s) - 16,67%

Penalty Kill

Oilers - 5 on 6 Attempt(s) - 83,33% - Score 0 goal in Penalty Kill
Predators - 3 on 4 Attempt(s) - 75,00% - Score 0 goal in Penalty Kill

Team Stat

Oilers - Hits : 22 - Faceoff Wins : 37 - Blocked Shots : 17 - Penalty Minutes : 12
Predators - Hits : 32 - Faceoff Wins : 25 - Blocked Shots : 7 - Penalty Minutes : 8

Official

Referees : O'Rourke Dan and Charron Francis
Linesman : Pierre Champoux and David Brisebois

Game Notes

No Game Note

Finance

Level 1 -- Attendance: 6000 (100,00%) -- Ticket Income 528 000 $
Level 2 -- Attendance: 4892 (97,84%) -- Ticket Income 259 276 $
Level 3 -- Attendance: 1526 (76,30%) -- Ticket Income 50 358 $
Level 4 -- Attendance: 2947 (73,68%) -- Ticket Income 70 728 $
Luxury Box -- Attendance: 791 (79,10%) -- Ticket Income 145 544 $
Game was played at the Wildcat center'
Total Attendance: 16156 (89,76%)
Total Ticket Income: 1 053 906 $
Other Income: 158 086 $
Total Income: 1 211 992 $

Oilers

5 vs 5 Forward 
   Center                   Left Wing                Right Wing               Time % Phy DF OF 
 1 Paul Stastny             Ilya Kovalchuk           Brad Boyes               38     0   2  3  
 2 Jonathan Toews           Tomas Fleischmann        Patrick Kane             37     0   2  3  
 3 Peter Regin              Oleg Saprykin            Wayne Simmonds           15     1   2  2  
 4 Brian Sutherby           Steve Begin              Patrick Kaleta           10     1   2  2  

5 vs 5 Defense 
   Defense                  Defense                                           Time % Phy DF OF 
 1 Danny Richmond           Zach Bogosian                                     37     1   2  2  
 2 Ian White                David Hale                                        32     1   2  2  
 3 T.J. Fast                Rob Scuderi                                       26     1   2  2  
 4 Ian White                Danny Richmond                                    5      1   2  2  

PowerPlay Forward 
   Center                   Left Wing                Right Wing               Time % Phy DF OF 
 1 Paul Stastny             Ilya Kovalchuk           Brad Boyes               50     0   2  3  
 2 Jonathan Toews           Tomas Fleischmann        Patrick Kane             50     0   2  3  

PowerPlay Defense
   Defense                  Defense                                           Time % Phy DF OF 
 1 Danny Richmond           Zach Bogosian                                     50     1   2  2  
 2 Ian White                David Hale                                        50     1   2  2  

Penalty Kill 4 Players Forward 
   Center                   Wing                     Time % Phy DF OF 
 1 Peter Regin              Ilya Kovalchuk           50     1   3  1  
 2 Brian Sutherby           Oleg Saprykin            50     1   3  1  

Penalty Kill 4 Players Defense
   Defense                  Defense                  Time % Phy DF OF 
 1 Danny Richmond           Rob Scuderi              50     1   3  1  
 2 Ian White                David Hale               50     1   3  1  

Penalty Kill - 3 Players Forward 
   Forward                                           Time % Phy DF OF 
 1 Ilya Kovalchuk                                    50     1   4  0  
 2 Jonathan Toews                                    50     1   4  0  

Penalty Kill - 3 Players Defense
   Defense                  Defense                  Time % Phy DF OF 
 1 Danny Richmond           Rob Scuderi              50     1   4  0  
 2 Ian White                David Hale               50     1   4  0  

4 vs 4 Forward 
   Center                   Wing                     Time % Phy DF OF 
 1 Paul Stastny             Ilya Kovalchuk           50     1   2  2  
 2 Jonathan Toews           Patrick Kane             50     1   2  2  

4 vs 4 Defense
   Defense                  Defense                  Time % Phy DF OF 
 1 Danny Richmond           Rob Scuderi              50     1   2  2  
 2 Ian White                David Hale               50     1   2  2  

Last Minutes Offensive
   Center                   Left Wing                Right Wing               Defense                  Defense                  
   Jonathan Toews           Ilya Kovalchuk           Patrick Kane             Danny Richmond           Ian White                

Last Minutes Defensive
   Center                   Left Wing                Right Wing               Defense                  Defense                  
   Jonathan Toews           Ilya Kovalchuk           Patrick Kane             Danny Richmond           Rob Scuderi              

Goaltenders
Starting : Cam Ward                 
Backup : Al Montoya               

Extra Forwards
Normal : Jonathan Toews, Ilya Kovalchuk, Patrick Kane - PP : Wayne Simmonds, Patrick Kaleta - PK : Patrick Kaleta
Extra Defensemen
Normal : Rob Scuderi, T.J. Fast, Danny Richmond - PP : David Hale - PK : Zach Bogosian, T.J. Fast
Penalty Shots
Patrick Kane, Ilya Kovalchuk, Jonathan Toews, Paul Stastny, Brad Boyes

Predators

5 vs 5 Forward 
   Center                   Left Wing                Right Wing               Time % Phy DF OF 
 1 Joe Thornton             Alexander Ovechkin       Adam Burish              35     1   2  2  
 2 Kris Vernarsky           Alexander Steen          Michael Grabner          28     1   2  2  
 3 Josef Vasicek            Eric Nystrom             Vitali Yachmenev         20     1   2  2  
 4 Erik Rasmussen           Joffrey Lupul            Vaclav Varada            17     1   2  2  

5 vs 5 Defense 
   Defense                  Defense                                           Time % Phy DF OF 
 1 Alexander Edler          Ryan Mcdonagh                                     40     1   2  2  
 2 Christian Ehrhoff        Brett Clark                                       30     1   2  2  
 3 Brendan Bell             Barret Jackman                                    20     1   2  2  
 4 Alexander Edler          Brett Clark                                       10     1   2  2  

PowerPlay Forward 
   Center                   Left Wing                Right Wing               Time % Phy DF OF 
 1 Joe Thornton             Alexander Ovechkin       Adam Burish              51     1   1  3  
 2 Kris Vernarsky           Alexander Steen          Michael Grabner          49     1   1  3  

PowerPlay Defense
   Defense                  Defense                                           Time % Phy DF OF 
 1 Alexander Edler          Ryan Mcdonagh                                     55     1   1  3  
 2 Christian Ehrhoff        Barret Jackman                                    45     1   1  3  

Penalty Kill 4 Players Forward 
   Center                   Wing                     Time % Phy DF OF 
 1 Joe Thornton             Adam Burish              60     1   2  2  
 2 Josef Vasicek            Eric Nystrom             40     1   2  2  

Penalty Kill 4 Players Defense
   Defense                  Defense                  Time % Phy DF OF 
 1 Alexander Edler          Ryan Mcdonagh            60     1   3  1  
 2 Brett Clark              Barret Jackman           40     1   3  1  

Penalty Kill - 3 Players Forward 
   Forward                                           Time % Phy DF OF 
 1 Josef Vasicek                                     60     1   4  0  
 2 Eric Nystrom                                      40     1   4  0  

Penalty Kill - 3 Players Defense
   Defense                  Defense                  Time % Phy DF OF 
 1 Alexander Edler          Ryan Mcdonagh            60     2   3  0  
 2 Brett Clark              Barret Jackman           40     2   3  0  

4 vs 4 Forward 
   Center                   Wing                     Time % Phy DF OF 
 1 Joe Thornton             Alexander Ovechkin       60     1   2  2  
 2 Alexander Steen          Adam Burish              40     1   2  2  

4 vs 4 Defense
   Defense                  Defense                  Time % Phy DF OF 
 1 Alexander Edler          Ryan Mcdonagh            60     1   2  2  
 2 Christian Ehrhoff        Barret Jackman           40     1   2  2  

Last Minutes Offensive
   Center                   Left Wing                Right Wing               Defense                  Defense                  
   Joe Thornton             Alexander Ovechkin       Adam Burish              Alexander Edler          Ryan Mcdonagh            

Last Minutes Defensive
   Center                   Left Wing                Right Wing               Defense                  Defense                  
   Joe Thornton             Alexander Ovechkin       Vitali Yachmenev         Ryan Mcdonagh            Barret Jackman           

Goaltenders
Starting : Kari Lehtonen            
Backup : Steve Mason              

Extra Forwards
Normal : Michael Grabner, Alexander Steen, Joe Thornton - PP : Michael Grabner, Alexander Steen - PK : Vitali Yachmenev
Extra Defensemen
Normal : Alexander Edler, Ryan Mcdonagh, Christian Ehrhoff - PP : Ryan Mcdonagh - PK : Brett Clark, Ryan Mcdonagh
Penalty Shots
Alexander Ovechkin, Joe Thornton, Michael Grabner, Josef Vasicek, Alexander Steen

% Time on Ice - Oilers

Lines # - Real PCT - Wanted PCT - Time Play
Normal Forward
1 - 34% - 38% - 15:47
2 - 30% - 37% - 13:44
3 - 20% - 15% - 9:16
4 - 15% - 10% - 6:58
Normal Defense
1 - 38% - 37% - 17:12
2 - 35% - 32% - 16:02
3 - 27% - 26% - 12:31
4 - 0% - 5% - 0:00
PP Forward
1 - 50% - 50% - 2:08
2 - 50% - 50% - 2:07
PP Defense
1 - 57% - 50% - 2:25
2 - 43% - 50% - 1:50
PK Forward
1 - 49% - 50% - 4:55
2 - 51% - 50% - 5:05
PK Defense
1 - 51% - 50% - 5:07
2 - 49% - 50% - 4:53
PK3 Forward
1 - 53% - 50% - 0:23
2 - 47% - 50% - 0:20
PK3 Defense
1 - 84% - 50% - 0:36
2 - 16% - 50% - 0:07
44 Forward
1 - 51% - 50% - 2:10
2 - 49% - 50% - 2:07
44 Defense
1 - 51% - 50% - 2:11
2 - 49% - 50% - 2:06
Last Minute Offensive  - 0:00
Last Minute Defensive  - 0:00
Total
Forward - 65:00
Defense - 65:00

% Time on Ice - Predators

Lines # - Real PCT - Wanted PCT - Time Play
Normal Forward
1 - 30% - 35% - 13:41
2 - 23% - 28% - 10:35
3 - 26% - 20% - 11:49
4 - 21% - 17% - 9:40
Normal Defense
1 - 38% - 40% - 17:34
2 - 30% - 30% - 13:53
3 - 25% - 20% - 11:25
4 - 6% - 10% - 2:53
PP Forward
1 - 53% - 51% - 5:15
2 - 48% - 49% - 4:45
PP Defense
1 - 52% - 55% - 5:14
2 - 48% - 45% - 4:46
PK Forward
1 - 75% - 60% - 3:12
2 - 25% - 40% - 1:03
PK Defense
1 - 51% - 60% - 2:10
2 - 49% - 40% - 2:05
PK3 Forward
1 - 84% - 60% - 1:40
2 - 16% - 40% - 0:19
PK3 Defense
1 - 68% - 60% - 1:21
2 - 32% - 40% - 0:38
44 Forward
1 - 88% - 60% - 2:39
2 - 12% - 40% - 0:22
44 Defense
1 - 75% - 60% - 2:16
2 - 25% - 40% - 0:45
Last Minute Offensive  - 0:00
Last Minute Defensive  - 0:00
Total
Forward - 65:00
Defense - 65:00

Play by Play

1st period


0:01 of 1st period - Paul Stastny wins face-off versus Alexander Ovechkin in neutral zone.
0:10 of 1st period - Snap shot by Ilya Kovalchuk.
0:10 of 1st period - Deflect By Brad Boyes.
0:10 of 1st period - Stopped by Kari Lehtonen with a rebound.
0:26 of 1st period - Tomas Fleischmann is hit by Michael Grabner and loses puck.
0:52 of 1st period - Icing by Alexander Edler.
0:53 of 1st period - Josef Vasicek wins face-off versus Peter Regin in Predators zone.
0:53 of 1st period - Josef Vasicek is hit by Oleg Saprykin.
1:08 of 1st period - Wrist shot by Peter Regin.
1:08 of 1st period - Stopped by Kari Lehtonen without a rebound.
1:09 of 1st period - Steve Begin wins face-off versus Erik Rasmussen in Predators zone.
1:10 of 1st period - Snap shot by Brian Sutherby.
1:10 of 1st period - Stopped by Kari Lehtonen with a rebound.
1:12 of 1st period - Snap shot by T.J. Fast.
1:12 of 1st period - Stopped by Kari Lehtonen with a rebound.
1:14 of 1st period - Wrist shot by Brian Sutherby.
1:14 of 1st period - Stopped by Kari Lehtonen with a rebound.
1:25 of 1st period - Minor Penalty to T.J. Fast for Hooking.
1:26 of 1st period - Peter Regin wins face-off versus Adam Burish in Oilers zone.
1:38 of 1st period - Slapshot by Alexander Ovechkin.
1:38 of 1st period - Shot Misses the Net.
1:42 of 1st period - Wrist shot by Alexander Ovechkin.
1:42 of 1st period - Deflect By Danny Richmond.
1:42 of 1st period - Stopped by Cam Ward with a rebound.
3:25 of 1st period - Penalty to T.J. Fast is over, T.J. Fast is back on ice.
3:52 of 1st period - Off-side.
3:53 of 1st period - Jonathan Toews wins face-off versus Erik Rasmussen in neutral zone.
4:06 of 1st period - Christian Ehrhoff is hit by Danny Richmond and loses puck.
4:15 of 1st period - Tomas Fleischmann is hit by Vaclav Varada and loses puck.
4:37 of 1st period - Snap shot by Erik Rasmussen.
4:37 of 1st period - Deflect By Joffrey Lupul.
4:37 of 1st period - Stopped by Cam Ward without a rebound.
4:38 of 1st period - Ilya Kovalchuk wins face-off versus Joe Thornton in Oilers zone.
5:14 of 1st period - Snap shot by Kris Vernarsky.
5:14 of 1st period - Shot Blocked by Danny Richmond.
5:26 of 1st period - Wrist shot by Josef Vasicek.
5:26 of 1st period - Stopped by Cam Ward with a rebound.
5:28 of 1st period - Snap shot by Eric Nystrom.
5:28 of 1st period - Deflect By Vitali Yachmenev.
5:28 of 1st period - Stopped by Cam Ward with a rebound.
5:30 of 1st period - Wrist shot by Alexander Edler.
5:30 of 1st period - Stopped by Cam Ward with a rebound.
5:32 of 1st period - Snap shot by Vitali Yachmenev.
5:32 of 1st period - Stopped by Cam Ward without a rebound.
5:33 of 1st period - Ilya Kovalchuk wins face-off versus Josef Vasicek in Oilers zone.
5:42 of 1st period - Snap shot by Paul Stastny.
5:42 of 1st period - Stopped by Kari Lehtonen with a rebound.
6:27 of 1st period - Wrist shot by Oleg Saprykin.
6:27 of 1st period - Stopped by Kari Lehtonen without a rebound.
6:28 of 1st period - Paul Stastny wins face-off versus Joe Thornton in Predators zone.
6:39 of 1st period - Snap shot by Brad Boyes.
6:39 of 1st period - Shot Blocked by Brendan Bell.
6:41 of 1st period - Slapshot by T.J. Fast.
6:41 of 1st period - Goal by T.J. Fast - Oilers : 1 - Predators : 0.
6:42 of 1st period - Joe Thornton wins face-off versus Jonathan Toews in neutral zone.
6:44 of 1st period - Minor Penalty to Joe Thornton for Elbowing.
6:45 of 1st period - Paul Stastny wins face-off versus Vitali Yachmenev in Predators zone.
6:47 of 1st period - Wrist shot by Ilya Kovalchuk.
6:47 of 1st period - Stopped by Kari Lehtonen with a rebound.
6:49 of 1st period - Wrist shot by Paul Stastny.
6:49 of 1st period - Stopped by Kari Lehtonen without a rebound.
6:50 of 1st period - Vitali Yachmenev wins face-off versus Paul Stastny in Predators zone.
7:21 of 1st period - Tomas Fleischmann is hit by Adam Burish and loses puck.
7:40 of 1st period - Barret Jackman is hit by Paul Stastny and loses puck.
8:41 of 1st period - Ryan Mcdonagh is hit by Ilya Kovalchuk and loses puck.
8:44 of 1st period - Penalty to Joe Thornton is over, Joe Thornton is back on ice.
8:54 of 1st period - Snap shot by Kris Vernarsky.
8:54 of 1st period - Shot Blocked by Oleg Saprykin.
9:14 of 1st period - Wrist shot by Eric Nystrom.
9:14 of 1st period - Goal by Eric Nystrom - Oilers : 1 - Predators : 1.
9:15 of 1st period - Jonathan Toews wins face-off versus Joe Thornton in neutral zone.
9:40 of 1st period - Christian Ehrhoff is hit by Brad Boyes and loses puck.
9:47 of 1st period - Wrist shot by Ilya Kovalchuk.
9:47 of 1st period - Stopped by Kari Lehtonen with a rebound.
11:20 of 1st period - Slapshot by Alexander Steen.
11:20 of 1st period - Stopped by Cam Ward with a rebound.
11:34 of 1st period - Oleg Saprykin is hit by Barret Jackman and loses puck.
12:09 of 1st period - Barret Jackman is hit by Ilya Kovalchuk and loses puck.
12:57 of 1st period - David Hale is hit by Adam Burish and loses puck.
13:08 of 1st period - Ian White is hit by Barret Jackman.
13:12 of 1st period - Slapshot by Ilya Kovalchuk.
13:12 of 1st period - Stopped by Kari Lehtonen with a rebound.
13:14 of 1st period - Wrist shot by Brad Boyes.
13:14 of 1st period - Stopped by Kari Lehtonen without a rebound.
13:15 of 1st period - Kris Vernarsky wins face-off versus Jonathan Toews in Predators zone.
13:24 of 1st period - Alexander Steen is hit by Tomas Fleischmann and loses puck.
13:43 of 1st period - Vitali Yachmenev is hit by Peter Regin and loses puck.
14:31 of 1st period - Slapshot by Alexander Edler.
14:31 of 1st period - Shot Blocked by Rob Scuderi.
14:50 of 1st period - Minor Penalty to Brett Clark for Interference.
14:51 of 1st period - Jonathan Toews wins face-off versus Joe Thornton in Predators zone.
14:51 of 1st period - Snap shot by Patrick Kane.
14:51 of 1st period - Shot Misses the Net.
15:03 of 1st period - Slapshot by Tomas Fleischmann.
15:03 of 1st period - Shot Misses the Net.
16:33 of 1st period - Danny Richmond is hit by Alexander Ovechkin and loses puck.
16:50 of 1st period - Penalty to Brett Clark is over, Brett Clark is back on ice.
17:05 of 1st period - Jonathan Toews is hit by Erik Rasmussen and loses puck.
17:18 of 1st period - Peter Regin is hit by Michael Grabner and loses puck.
17:27 of 1st period - Snap shot by Kris Vernarsky.
17:27 of 1st period - Deflect By Alexander Steen.
17:27 of 1st period - Stopped by Cam Ward without a rebound.
17:28 of 1st period - Patrick Kaleta wins face-off versus Josef Vasicek in Oilers zone.
18:13 of 1st period - Wrist shot by Alexander Ovechkin.
18:13 of 1st period - Stopped by Cam Ward with a rebound.
18:15 of 1st period - Snap shot by Adam Burish.
18:15 of 1st period - Shot Misses the Net.
18:19 of 1st period - Wrist shot by Alexander Ovechkin.
18:19 of 1st period - Stopped by Cam Ward with a rebound.
18:21 of 1st period - Snap shot by Joe Thornton.
18:21 of 1st period - Shot Blocked by David Hale.
18:23 of 1st period - Snap shot by Alexander Edler.
18:23 of 1st period - Shot Misses the Net.
18:37 of 1st period - Slapshot by Brett Clark.
18:37 of 1st period - Deflect By Vaclav Varada.
18:37 of 1st period - Shot Misses the Net.
18:37 of 1st period - Puck is out of play.
18:38 of 1st period - Brian Sutherby wins face-off versus Erik Rasmussen in Oilers zone.
18:38 of 1st period - Brian Sutherby is hit by Erik Rasmussen.
18:49 of 1st period - Backhand shot by Brett Clark.
18:49 of 1st period - Shot Misses the Net.
18:51 of 1st period - Slapshot by Vaclav Varada.
18:51 of 1st period - Shot Blocked by Danny Richmond.
18:53 of 1st period - Snap shot by Erik Rasmussen.
18:53 of 1st period - Shot Misses the Net.
19:13 of 1st period - Wrist shot by Tomas Fleischmann.
19:13 of 1st period - Shot Misses the Net.
19:25 of 1st period - Wrist shot by Adam Burish.
19:25 of 1st period - Shot Blocked by Rob Scuderi.
19:27 of 1st period - Slapshot by Brett Clark.
19:27 of 1st period - Shot Blocked by Rob Scuderi.
19:29 of 1st period - Backhand shot by Michael Grabner.
19:29 of 1st period - Shot Blocked by Brad Boyes.
19:31 of 1st period - Slapshot by Brett Clark.
19:31 of 1st period - Stopped by Cam Ward with a rebound.
19:33 of 1st period - Slapshot by Christian Ehrhoff.
19:33 of 1st period - Shot Blocked by Ilya Kovalchuk.
19:53 of 1st period - Snap shot by Oleg Saprykin.
19:53 of 1st period - Goal by Oleg Saprykin - Oilers : 2 - Predators : 1.
19:54 of 1st period - Joe Thornton wins face-off versus Jonathan Toews in neutral zone.
Goals for this period are 2 for Oilers vs 1 for Predators.
Shots for this period are 14 for Oilers vs 12 for Predators.

2nd period


0:01 of 2nd period - Joe Thornton wins face-off versus Jonathan Toews in neutral zone.
1:04 of 2nd period - Icing by Tomas Fleischmann.
1:05 of 2nd period - Joe Thornton wins face-off versus Jonathan Toews in Oilers zone.
1:06 of 2nd period - Snap shot by Alexander Ovechkin.
1:06 of 2nd period - Shot Blocked by David Hale.
1:08 of 2nd period - Wrist shot by Joe Thornton.
1:08 of 2nd period - Stopped by Cam Ward with a rebound.
2:20 of 2nd period - Oleg Saprykin is hit by Joffrey Lupul and loses puck.
2:40 of 2nd period - Erik Rasmussen is hit by Danny Richmond.
2:44 of 2nd period - Wrist shot by Alexander Edler.
2:44 of 2nd period - Stopped by Cam Ward with a rebound.
3:04 of 2nd period - Snap shot by Erik Rasmussen.
3:04 of 2nd period - Deflect By Vaclav Varada.
3:04 of 2nd period - Stopped by Cam Ward without a rebound.
3:05 of 2nd period - Paul Stastny wins face-off versus Joe Thornton in Oilers zone.
3:05 of 2nd period - Paul Stastny is hit by Barret Jackman.
3:19 of 2nd period - Snap shot by Alexander Ovechkin.
3:19 of 2nd period - Stopped by Cam Ward without a rebound.
3:20 of 2nd period - Paul Stastny wins face-off versus Kris Vernarsky in Oilers zone.
3:24 of 2nd period - Off-side.
3:25 of 2nd period - Alexander Steen wins face-off versus Brad Boyes in neutral zone.
4:37 of 2nd period - Snap shot by Michael Grabner.
4:37 of 2nd period - Shot Misses the Net.
4:39 of 2nd period - Snap shot by Michael Grabner.
4:39 of 2nd period - Shot Misses the Net.
4:45 of 2nd period - Slapshot by Michael Grabner.
4:45 of 2nd period - Stopped by Cam Ward with a rebound.
4:47 of 2nd period - Slapshot by Barret Jackman.
4:47 of 2nd period - Stopped by Cam Ward without a rebound.
4:48 of 2nd period - Paul Stastny wins face-off versus Joe Thornton in Oilers zone.
4:56 of 2nd period - Wrist shot by Ilya Kovalchuk.
4:56 of 2nd period - Stopped by Kari Lehtonen with a rebound.
4:58 of 2nd period - Wrist shot by Ilya Kovalchuk.
4:58 of 2nd period - Deflect By Brad Boyes.
4:58 of 2nd period - Shot Blocked by Joe Thornton.
4:58 of 2nd period - Puck is out of play.
4:59 of 2nd period - Paul Stastny wins face-off versus Joe Thornton in Predators zone.
5:00 of 2nd period - Wrist shot by Brad Boyes.
5:00 of 2nd period - Deflect By Ilya Kovalchuk.
5:00 of 2nd period - Stopped by Kari Lehtonen without a rebound.
5:01 of 2nd period - Joe Thornton wins face-off versus Paul Stastny in Predators zone.
5:33 of 2nd period - Snap shot by Kris Vernarsky.
5:33 of 2nd period - Shot Misses the Net.
5:53 of 2nd period - Wayne Simmonds is hit by Vitali Yachmenev and loses puck.
6:11 of 2nd period - Snap shot by Erik Rasmussen.
6:11 of 2nd period - Stopped by Cam Ward with a rebound.
6:13 of 2nd period - Wrist shot by Vaclav Varada.
6:13 of 2nd period - Shot Misses the Net.
6:15 of 2nd period - Backhand shot by Christian Ehrhoff.
6:15 of 2nd period - Deflect By Erik Rasmussen.
6:15 of 2nd period - Shot Misses the Net.
6:15 of 2nd period - Puck is out of play.
6:16 of 2nd period - Jonathan Toews wins face-off versus Joe Thornton in Oilers zone.
6:16 of 2nd period - Jonathan Toews is hit by Ryan Mcdonagh.
6:32 of 2nd period - Snap shot by Alexander Edler.
6:32 of 2nd period - Shot Misses the Net.
7:03 of 2nd period - Snap shot by Peter Regin.
7:03 of 2nd period - Stopped by Kari Lehtonen without a rebound.
7:04 of 2nd period - Peter Regin wins face-off versus Josef Vasicek in Predators zone.
7:34 of 2nd period - Minor Penalty to Zach Bogosian for Tripping.
7:35 of 2nd period - Joe Thornton wins face-off versus Brian Sutherby in Oilers zone.
8:06 of 2nd period - Alexander Steen is hit by Oleg Saprykin and loses puck.
9:34 of 2nd period - Penalty to Zach Bogosian is over, Zach Bogosian is back on ice.
9:48 of 2nd period - Slapshot by Josef Vasicek.
9:48 of 2nd period - Shot Misses the Net.
9:55 of 2nd period - Ian White is hit by Alexander Edler and loses puck.
10:16 of 2nd period - Minor Penalty to Alexander Edler for Holding.
10:17 of 2nd period - Tomas Fleischmann wins face-off versus Adam Burish in Predators zone.
10:23 of 2nd period - Snap shot by Jonathan Toews.
10:23 of 2nd period - Shot Misses the Net.
10:25 of 2nd period - Slapshot by Zach Bogosian.
10:25 of 2nd period - Stopped by Kari Lehtonen without a rebound.
10:26 of 2nd period - Jonathan Toews wins face-off versus Joe Thornton in Predators zone.
10:33 of 2nd period - Wrist shot by Patrick Kane.
10:33 of 2nd period - Goal by Patrick Kane - Oilers : 3 - Predators : 1.
10:34 of 2nd period - Joe Thornton wins face-off versus Jonathan Toews in neutral zone.
10:44 of 2nd period - Wrist shot by Tomas Fleischmann.
10:44 of 2nd period - Stopped by Kari Lehtonen with a rebound.
10:46 of 2nd period - Slapshot by Zach Bogosian.
10:46 of 2nd period - Shot Blocked by Alexander Ovechkin.
10:48 of 2nd period - Slapshot by Zach Bogosian.
10:48 of 2nd period - Stopped by Kari Lehtonen without a rebound.
10:49 of 2nd period - Kris Vernarsky wins face-off versus Paul Stastny in Predators zone.
11:00 of 2nd period - Alexander Steen is hit by Brad Boyes and loses puck.
11:15 of 2nd period - Ryan Mcdonagh is hit by Zach Bogosian.
11:48 of 2nd period - Snap shot by Erik Rasmussen.
11:48 of 2nd period - Goal by Erik Rasmussen - Oilers : 3 - Predators : 2.
11:49 of 2nd period - Paul Stastny wins face-off versus Joe Thornton in neutral zone.
12:27 of 2nd period - Slapshot by Ryan Mcdonagh.
12:27 of 2nd period - Stopped by Cam Ward with a rebound.
12:29 of 2nd period - Slapshot by Ryan Mcdonagh.
12:29 of 2nd period - Shot Blocked by Paul Stastny.
12:35 of 2nd period - Minor Penalty to Rob Scuderi for Holding Stick.
12:36 of 2nd period - Joe Thornton wins face-off versus Brian Sutherby in Oilers zone.
13:13 of 2nd period - Danny Richmond is hit by Barret Jackman and loses puck.
14:28 of 2nd period - Snap shot by Erik Rasmussen.
14:28 of 2nd period - Stopped by Cam Ward without a rebound.
14:29 of 2nd period - Peter Regin wins face-off versus Erik Rasmussen in Oilers zone.
14:35 of 2nd period - Penalty to Rob Scuderi is over, Rob Scuderi is back on ice.
14:38 of 2nd period - Peter Regin is hit by Erik Rasmussen and loses puck.
14:55 of 2nd period - Tomas Fleischmann is hit by Vitali Yachmenev and loses puck.
15:34 of 2nd period - Snap shot by Oleg Saprykin.
15:34 of 2nd period - Shot Misses the Net.
15:54 of 2nd period - Snap shot by Alexander Ovechkin.
15:54 of 2nd period - Shot Blocked by Steve Begin.
16:38 of 2nd period - Snap shot by Oleg Saprykin.
16:38 of 2nd period - Shot Blocked by Brendan Bell.
16:44 of 2nd period - Backhand shot by Josef Vasicek.
16:44 of 2nd period - Stopped by Cam Ward without a rebound.
16:45 of 2nd period - Joe Thornton wins face-off versus Jonathan Toews in Oilers zone.
16:55 of 2nd period - Minor Penalty to Jonathan Toews for Holding.
16:56 of 2nd period - Peter Regin wins face-off versus Joe Thornton in Oilers zone.
17:06 of 2nd period - Wrist shot by Alexander Ovechkin.
17:06 of 2nd period - Shot Misses the Net.
17:12 of 2nd period - Snap shot by Joe Thornton.
17:12 of 2nd period - Stopped by Cam Ward without a rebound.
17:13 of 2nd period - Peter Regin wins face-off versus Kris Vernarsky in Oilers zone.
17:42 of 2nd period - Slapshot by Alexander Ovechkin.
17:42 of 2nd period - Deflect By Joe Thornton.
17:42 of 2nd period - Goal by Joe Thornton - Oilers : 3 - Predators : 3.
17:43 of 2nd period - Joe Thornton wins face-off versus Paul Stastny in neutral zone.
17:49 of 2nd period - Ryan Mcdonagh is hit by Danny Richmond.
17:53 of 2nd period - Wrist shot by Alexander Ovechkin.
17:53 of 2nd period - Stopped by Cam Ward with a rebound.
18:05 of 2nd period - Ryan Mcdonagh is hit by Paul Stastny and loses puck.
19:00 of 2nd period - Icing by Patrick Kaleta.
19:01 of 2nd period - Erik Rasmussen wins face-off versus Brian Sutherby in Oilers zone.
19:30 of 2nd period - Snap shot by Steve Begin.
19:30 of 2nd period - Stopped by Kari Lehtonen with a rebound.
19:34 of 2nd period - Wrist shot by Patrick Kaleta.
19:34 of 2nd period - Stopped by Kari Lehtonen with a rebound.
19:36 of 2nd period - Slapshot by Patrick Kaleta.
19:36 of 2nd period - Shot Hit the Post.
19:38 of 2nd period - Backhand shot by Ian White.
19:38 of 2nd period - Stopped by Kari Lehtonen without a rebound.
19:39 of 2nd period - Paul Stastny wins face-off versus Joe Thornton in Predators zone.
19:50 of 2nd period - Slapshot by Paul Stastny.
19:50 of 2nd period - Stopped by Kari Lehtonen without a rebound.
19:51 of 2nd period - Jonathan Toews wins face-off versus Joe Thornton in Predators zone.
Goals for this period are 1 for Oilers vs 2 for Predators.
Shots for this period are 11 for Oilers vs 14 for Predators.

3rd period


0:01 of 3rd period - Ilya Kovalchuk wins face-off versus Joe Thornton in neutral zone.
0:26 of 3rd period - Alexander Edler is hit by Danny Richmond and loses puck.
0:52 of 3rd period - Off-side.
0:53 of 3rd period - Josef Vasicek wins face-off versus Peter Regin in neutral zone.
0:53 of 3rd period - Vitali Yachmenev is hit by Peter Regin and loses puck.
1:33 of 3rd period - Snap shot by Peter Regin.
1:33 of 3rd period - Stopped by Kari Lehtonen with a rebound.
1:35 of 3rd period - Slapshot by Wayne Simmonds.
1:35 of 3rd period - Shot Misses the Net.
1:37 of 3rd period - Slapshot by Wayne Simmonds.
1:37 of 3rd period - Shot Misses the Net.
1:55 of 3rd period - Snap shot by Josef Vasicek.
1:55 of 3rd period - Shot Misses the Net.
2:13 of 3rd period - Snap shot by Oleg Saprykin.
2:13 of 3rd period - Shot Blocked by Barret Jackman.
2:15 of 3rd period - Slapshot by Danny Richmond.
2:15 of 3rd period - Stopped by Kari Lehtonen without a rebound.
2:15 of 3rd period - Minor Penalty to Peter Regin for Interference.
2:16 of 3rd period - Patrick Kaleta wins face-off versus Joe Thornton in Oilers zone.
2:33 of 3rd period - Snap shot by Joe Thornton.
2:33 of 3rd period - Shot Misses the Net.
2:51 of 3rd period - Wrist shot by Alexander Steen.
2:51 of 3rd period - Shot Misses the Net.
4:15 of 3rd period - Penalty to Peter Regin is over, Peter Regin is back on ice.
4:19 of 3rd period - David Hale is hit by Joe Thornton and loses puck.
4:52 of 3rd period - Slapshot by David Hale.
4:52 of 3rd period - Deflect By Eric Nystrom.
4:52 of 3rd period - Stopped by Kari Lehtonen without a rebound.
4:53 of 3rd period - Josef Vasicek wins face-off versus Paul Stastny in Predators zone.
5:11 of 3rd period - Brad Boyes is hit by Eric Nystrom and loses puck.
5:16 of 3rd period - Snap shot by Josef Vasicek.
5:16 of 3rd period - Shot Misses the Net.
5:18 of 3rd period - Wrist shot by Alexander Edler.
5:18 of 3rd period - Stopped by Cam Ward with a rebound.
5:20 of 3rd period - Snap shot by Vitali Yachmenev.
5:20 of 3rd period - Stopped by Cam Ward with a rebound.
5:22 of 3rd period - Wrist shot by Eric Nystrom.
5:22 of 3rd period - Shot Misses the Net.
5:24 of 3rd period - Slapshot by Alexander Edler.
5:24 of 3rd period - Deflect By Paul Stastny.
5:24 of 3rd period - Stopped by Cam Ward with a rebound.
5:26 of 3rd period - Snap shot by Eric Nystrom.
5:26 of 3rd period - Shot Misses the Net.
5:28 of 3rd period - Slapshot by Barret Jackman.
5:28 of 3rd period - Shot Misses the Net.
5:30 of 3rd period - Slapshot by Brendan Bell.
5:30 of 3rd period - Stopped by Cam Ward with a rebound.
5:32 of 3rd period - Wrist shot by Vitali Yachmenev.
5:32 of 3rd period - Shot Misses the Net.
5:34 of 3rd period - Slapshot by Vitali Yachmenev.
5:34 of 3rd period - Shot Blocked by T.J. Fast.
5:36 of 3rd period - Backhand shot by Eric Nystrom.
5:36 of 3rd period - Shot Misses the Net.
5:48 of 3rd period - Paul Stastny is hit by Eric Nystrom and loses puck.
5:57 of 3rd period - Slapshot by Paul Stastny.
5:57 of 3rd period - Shot Misses the Net.
6:07 of 3rd period - Wrist shot by Paul Stastny.
6:07 of 3rd period - Stopped by Kari Lehtonen without a rebound.
6:08 of 3rd period - Jonathan Toews wins face-off versus Joe Thornton in Predators zone.
6:15 of 3rd period - Snap shot by Alexander Ovechkin.
6:15 of 3rd period - Shot Blocked by Zach Bogosian.
6:17 of 3rd period - Slapshot by Ryan Mcdonagh.
6:17 of 3rd period - Goal by Ryan Mcdonagh - Oilers : 3 - Predators : 4.
6:18 of 3rd period - Tomas Fleischmann wins face-off versus Joe Thornton in neutral zone.
6:25 of 3rd period - Snap shot by Jonathan Toews.
6:25 of 3rd period - Shot Hit the Post.
6:27 of 3rd period - Wrist shot by Tomas Fleischmann.
6:27 of 3rd period - Stopped by Kari Lehtonen with a rebound.
6:29 of 3rd period - Snap shot by Jonathan Toews.
6:29 of 3rd period - Goal by Jonathan Toews - Oilers : 4 - Predators : 4.
6:30 of 3rd period - Joe Thornton wins face-off versus Jonathan Toews in neutral zone.
6:34 of 3rd period - Off-side.
6:35 of 3rd period - Jonathan Toews wins face-off versus Joe Thornton in neutral zone.
7:06 of 3rd period - Snap shot by Alexander Steen.
7:06 of 3rd period - Deflect By Zach Bogosian.
7:06 of 3rd period - Stopped by Cam Ward without a rebound.
7:07 of 3rd period - Kris Vernarsky wins face-off versus Paul Stastny in Oilers zone.
8:08 of 3rd period - Snap shot by Alexander Steen.
8:08 of 3rd period - Stopped by Cam Ward with a rebound.
8:10 of 3rd period - Slapshot by Barret Jackman.
8:10 of 3rd period - Deflect By Alexander Steen.
8:10 of 3rd period - Shot Misses the Net.
8:10 of 3rd period - Puck is out of play.
8:11 of 3rd period - Joe Thornton wins face-off versus Jonathan Toews in Oilers zone.
8:18 of 3rd period - Snap shot by Joe Thornton.
8:18 of 3rd period - Stopped by Cam Ward with a rebound.
8:20 of 3rd period - Slapshot by Alexander Edler.
8:20 of 3rd period - Stopped by Cam Ward without a rebound.
8:21 of 3rd period - Joe Thornton wins face-off versus Jonathan Toews in Oilers zone.
8:38 of 3rd period - Wrist shot by Adam Burish.
8:38 of 3rd period - Deflect By Joe Thornton.
8:38 of 3rd period - Shot Misses the Net.
8:38 of 3rd period - Puck is out of play.
8:39 of 3rd period - Brian Sutherby wins face-off versus Erik Rasmussen in Oilers zone.
9:06 of 3rd period - Alexander Ovechkin is hit by Patrick Kane and loses puck.
9:17 of 3rd period - Slapshot by Jonathan Toews.
9:17 of 3rd period - Shot Misses the Net.
9:19 of 3rd period - Snap shot by Tomas Fleischmann.
9:19 of 3rd period - Shot Blocked by Christian Ehrhoff.
9:29 of 3rd period - Snap shot by Michael Grabner.
9:29 of 3rd period - Shot Blocked by Zach Bogosian.
9:31 of 3rd period - Wrist shot by Christian Ehrhoff.
9:31 of 3rd period - Stopped by Cam Ward with a rebound.
11:52 of 3rd period - Wrist shot by Patrick Kaleta.
11:52 of 3rd period - Stopped by Kari Lehtonen with a rebound.
11:58 of 3rd period - Steve Begin is hit by Joffrey Lupul.
12:02 of 3rd period - Brian Sutherby is hit by Joffrey Lupul and loses puck.
12:15 of 3rd period - Paul Stastny is hit by Kris Vernarsky and loses puck.
12:49 of 3rd period - Rob Scuderi is hit by Vitali Yachmenev and loses puck.
13:31 of 3rd period - Rob Scuderi is hit by Brett Clark.
13:53 of 3rd period - Snap shot by Kris Vernarsky.
13:53 of 3rd period - Shot Misses the Net.
14:09 of 3rd period - Christian Ehrhoff is hit by Jonathan Toews and loses puck.
14:30 of 3rd period - Wrist shot by Peter Regin.
14:30 of 3rd period - Stopped by Kari Lehtonen with a rebound.
15:36 of 3rd period - Brian Sutherby is hit by Adam Burish and loses puck.
15:59 of 3rd period - Slapshot by Adam Burish.
15:59 of 3rd period - Shot Misses the Net.
16:01 of 3rd period - Snap shot by Alexander Ovechkin.
16:01 of 3rd period - Shot Misses the Net.
16:03 of 3rd period - Wrist shot by Alexander Ovechkin.
16:03 of 3rd period - Shot Blocked by Brad Boyes.
16:05 of 3rd period - Wrist shot by Alexander Ovechkin.
16:05 of 3rd period - Shot Hit the Post.
16:07 of 3rd period - Wrist shot by Joe Thornton.
16:07 of 3rd period - Stopped by Cam Ward with a rebound.
16:09 of 3rd period - Slapshot by Brett Clark.
16:09 of 3rd period - Deflect By Alexander Ovechkin.
16:09 of 3rd period - Stopped by Cam Ward without a rebound.
16:10 of 3rd period - Jonathan Toews wins face-off versus Erik Rasmussen in Oilers zone.
16:21 of 3rd period - Slapshot by Ryan Mcdonagh.
16:21 of 3rd period - Deflect By Erik Rasmussen.
16:21 of 3rd period - Stopped by Cam Ward with a rebound.
16:23 of 3rd period - Snap shot by Joffrey Lupul.
16:23 of 3rd period - Stopped by Cam Ward with a rebound.
16:25 of 3rd period - Slapshot by Alexander Edler.
16:25 of 3rd period - Shot Blocked by Ian White.
16:35 of 3rd period - Vitali Yachmenev is hit by Wayne Simmonds and loses puck.
16:54 of 3rd period - Alexander Steen is hit by Ilya Kovalchuk and loses puck.
17:16 of 3rd period - Patrick Kane is hit by Alexander Steen and loses puck.
17:34 of 3rd period - Alexander Edler is hit by Jonathan Toews and loses puck.
17:41 of 3rd period - Slapshot by Patrick Kane.
17:41 of 3rd period - Shot Misses the Net.
17:43 of 3rd period - Wrist shot by Tomas Fleischmann.
17:43 of 3rd period - Stopped by Kari Lehtonen without a rebound.
17:44 of 3rd period - Peter Regin wins face-off versus Erik Rasmussen in Predators zone.
18:05 of 3rd period - Oleg Saprykin is hit by Alexander Edler and loses puck.
18:18 of 3rd period - Snap shot by Ilya Kovalchuk.
18:18 of 3rd period - Stopped by Kari Lehtonen without a rebound.
18:19 of 3rd period - Eric Nystrom wins face-off versus Paul Stastny in Predators zone.
18:19 of 3rd period - Eric Nystrom is hit by Ilya Kovalchuk.
18:42 of 3rd period - Minor Penalty to Ian White for Roughing.
18:43 of 3rd period - Peter Regin wins face-off versus Joe Thornton in Oilers zone.
18:50 of 3rd period - Wrist shot by Peter Regin.
18:50 of 3rd period - Shot Blocked by Alexander Ovechkin.
18:52 of 3rd period - Slapshot by David Hale.
18:52 of 3rd period - Deflect By Alexander Edler.
18:52 of 3rd period - Stopped by Kari Lehtonen with a rebound.
Goals for this period are 1 for Oilers vs 1 for Predators.
Shots for this period are 11 for Oilers vs 14 for Predators.

Overtime #1


0:01 of 1st overtime period - Joe Thornton wins face-off versus Ilya Kovalchuk in neutral zone.
0:06 of 1st overtime period - Wrist shot by Joe Thornton.
0:06 of 1st overtime period - Stopped by Cam Ward with a rebound.
0:43 of 1st overtime period - Minor Penalty to Alexander Edler for Tripping.
0:44 of 1st overtime period - Jonathan Toews wins face-off versus Josef Vasicek in Predators zone.
1:21 of 1st overtime period - Snap shot by Ilya Kovalchuk.
1:21 of 1st overtime period - Stopped by Kari Lehtonen without a rebound.
1:22 of 1st overtime period - Josef Vasicek wins face-off versus Paul Stastny in Predators zone.
1:49 of 1st overtime period - Ian White is hit by Eric Nystrom and loses puck.
2:12 of 1st overtime period - Snap shot by Patrick Kane.
2:12 of 1st overtime period - Shot Misses the Net.
2:43 of 1st overtime period - Penalty to Alexander Edler is over, Alexander Edler is back on ice.
3:01 of 1st overtime period - Snap shot by Joe Thornton.
3:01 of 1st overtime period - Shot Misses the Net.
3:10 of 1st overtime period - Icing by Alexander Edler.
3:11 of 1st overtime period - Paul Stastny wins face-off versus Joe Thornton in Predators zone.
3:20 of 1st overtime period - David Hale is hit by Ryan Mcdonagh and loses puck.
3:53 of 1st overtime period - Jonathan Toews is hit by Adam Burish and loses puck.
Goals for this period are 0 for Oilers vs 0 for Predators.
Shots for this period are 1 for Oilers vs 1 for Predators.

ShootOut


5:00 of 1st overtime period - Penalty Shot by Patrick Kane for Oilers.
5:00 of 1st overtime period - Snap shot by Patrick Kane.
5:00 of 1st overtime period - Goal by Patrick Kane.
5:00 of 1st overtime period - Penalty Shot by Alexander Ovechkin for Predators.
5:00 of 1st overtime period - Wrist shot by Alexander Ovechkin.
5:00 of 1st overtime period - Stopped by Cam Ward.
5:00 of 1st overtime period - Penalty Shot by Ilya Kovalchuk for Oilers.
5:00 of 1st overtime period - Deke by Ilya Kovalchuk.
5:00 of 1st overtime period - Shot Misses the Net.
5:00 of 1st overtime period - Penalty Shot by Joe Thornton for Predators.
5:00 of 1st overtime period - Snap shot by Joe Thornton.
5:00 of 1st overtime period - Stopped by Cam Ward.
5:00 of 1st overtime period - Penalty Shot by Jonathan Toews for Oilers.
5:00 of 1st overtime period - Snap shot by Jonathan Toews.
5:00 of 1st overtime period - Stopped by Kari Lehtonen.
5:00 of 1st overtime period - Penalty Shot by Michael Grabner for Predators.
5:00 of 1st overtime period - Deke by Michael Grabner.
5:00 of 1st overtime period - Goal by Michael Grabner.
5:00 of 1st overtime period - Penalty Shot by Paul Stastny for Oilers.
5:00 of 1st overtime period - Backhand shot by Paul Stastny.
5:00 of 1st overtime period - Shot Misses the Net.
5:00 of 1st overtime period - Penalty Shot by Josef Vasicek for Predators.
5:00 of 1st overtime period - Snap shot by Josef Vasicek.
5:00 of 1st overtime period - Stopped by Cam Ward.
5:00 of 1st overtime period - Penalty Shot by Brad Boyes for Oilers.
5:00 of 1st overtime period - Wrist shot by Brad Boyes.
5:00 of 1st overtime period - Goal by Brad Boyes.
5:00 of 1st overtime period - Penalty Shot by Alexander Steen for Predators.
5:00 of 1st overtime period - Snap shot by Alexander Steen.
5:00 of 1st overtime period - Goal by Alexander Steen.
5:00 of 1st overtime period - Penalty Shot by Peter Regin for Oilers.
5:00 of 1st overtime period - Deke by Peter Regin.
5:00 of 1st overtime period - Goal by Peter Regin.
5:00 of 1st overtime period - Penalty Shot by Joffrey Lupul for Predators.
5:00 of 1st overtime period - Deke by Joffrey Lupul.
5:00 of 1st overtime period - Shot Misses the Net.


Output by the SimonT Hockey Simulator (STHS) for François Prévost -- Original Page W3C XHTML 1.0 Valid
Hockey Simulator - Hockey Simulation - Hockey Manager